 Dungeon Crawl Stone Soup version 0.28-a0-384-g9e0c098162 (webtiles) character file.

Game seed: 11371069278557839989

56 robertstho the Magician (level 4, -12/32 HPs)
             Began as a Djinni Fire Elementalist on Sept 2, 2021.
             Mangled by a kobold (18 damage)
             ... on level 2 of the Dungeon.
             The game lasted 00:02:32 (2455 turns).

robertstho the Magician (Djinni Fire Elementalist)  Turns: 2455, Time: 00:02:35

Health: -12/32     AC:  2    Str:  7    XL:     4   Next: 17%
Gold:   30         EV: 12    Int: 17    God:
                   SH:  0    Dex: 14

rFire   + + .      SeeInvis .   d - +0 dagger
rCold   x . .      Faith    .   (no shield)
rNeg    . . .      Spirit   .   a - +0 robe
rPois   ∞          Reflect  .   (no helmet)
rElec   .          Harm     .   (no cloak)
rCorr   .          Rampage  .   (no gloves)
Will    .....                   (boots unavailable)
Stlth   ++........              (no amulet)
HPRegen 0.10/turn               (no ring)
MPRegen 0.00/turn               (no ring)

@: about to teleport, flying
A: sickness immunity, fire resistance 2, cold vulnerability 1, float, innate
caster, hp casting, extra vitality 1
a: no special abilities


You were on level 2 of the Dungeon.
You visited 1 branch of the dungeon, and saw 2 of its levels.

You collected 30 gold pieces.

Inventory:

Hand Weapons
 d - a +0 dagger (weapon)
Armour
 a - a +0 robe (worn)
Jewellery
 b - a +6 ring of intelligence
Scrolls
 c - a scroll of amnesia {unknown}
 f - 2 scrolls of noise {unknown}
 g - a scroll of immolation {unknown}
 h - a scroll of silence {unknown}
Potions
 e - a potion of attraction {unknown}


   Skills:
 * Level 1.0 Fighting
 + Level 2.2 Dodging
 + Level 1.8 Stealth
 * Level 3.4 Spellcasting


You couldn't memorise any spells.
You knew the following spells:

 Your Spells              Type           Power      Damage    Failure   Level
a - Foxfire               Conj/Fire      56%        2x1d6     4%          1
b - Scorch                Fire           28%        2d6       6%          2
c - Conjure Flame         Conj/Fire      14%        6-21      12%         3
d - Inner Flame           Hex/Fire       14%        N/A       12%         3
e - Sticky Flame          Conj/Fire      14%        2d4       38%         4
f - Fireball              Conj/Fire      7%         3d5       75%         5
g - Pain                  Necr           56%        1d6       4%          1
Your spell library was empty.

Dungeon Overview and Level Annotations

Branches:
Dungeon (2/15)

Altars:

Shops:
D:1 :

Annotations:
D:2 Robin


Innate Abilities, Weirdness & Mutations

You are immune to sickness and miasma.
You are immune to poison.
Your flesh is very heat resistant. (rF++)
You are vulnerable to cold. (rC-)
You float through the air rather than walking.
You learn spells naturally, not from books.
Your magical power is your life essence.
You have superior vitality. (+4 HP)


Message History

Unknown command.
Casting: Foxfire (safe; 4% risk of failure)
Press: ? - help, Q - select action, (/) - cycle Dir - look around, f - activate You conjure some foxfire!
The foxfire hits the ball python.
You kill the ball python!
The foxfire hits the adder.
The adder is moderately wounded.
Robin throws the goblin at you!
Casting: Foxfire (safe; 4% risk of failure)
Press: ? - help, Q - select action, (/) - cycle Dir - look around, f - activate You conjure some foxfire!
The foxfire hits the adder.
The adder is almost dead.
The goblin completely misses you.
Robin roars a battlecry!
A goblin comes into view. It is wielding a +0 club.
The foxfire hits the adder.
The adder is almost dead.
A rat comes into view.
A goblin comes into view. It is wielding a +0 club.
You hear a shout!
Your foxfire dissipates!
The goblin hits you but does no damage. Robin throws the goblin at you!
The adder bites you. The goblin hits you with a +0 dagger.
Your magical contamination has completely faded away.
You hit the goblin.
The goblin is moderately wounded.
The goblin hits you but does no damage. Robin throws the goblin at you!
The adder bites you. The kobold closely misses you.
A goblin comes into view. It is wielding a +0 club.
The goblin hits you with a +0 dagger. The goblin hits you with a +0 club.
As you read the scroll labelled QEZAOK QUPRILYE, it crumbles to dust.
You feel strangely unstable.
It was a scroll of teleportation.
The adder barely misses you. The goblin hits you but does no damage.
The kobold hits you with a +1 whip of electrocution.
* * * LOW HITPOINT WARNING * * *
You are electrocuted!!
Ouch! That really hurt!
You die...

###..# . ..(.# ..
..#.## ... ......
##..######.....
......Jgg..#.##
...g..K@##.#..#
..r..gS)g..##.####
...g.g####.......###
. g.....
##.........# . .....
#.......#..
#...##......#...# .
###. ##.....#...# .
# #....##.÷.#
#....##....#


You could see Robin, an adder, an endoplasm, 7 goblins, a kobold and a rat.

Vanquished Creatures
  An adder (D:2)
  A dart slug (D:1)
  An endoplasm (D:1)
  2 giant cockroaches (D:1)
  4 hobgoblins (D:1)
  4 jackals (D:1)
  3 quokkas (D:1)
  3 ball pythons
  4 bats
  9 goblins
  3 kobolds (D:1)
  3 rats
38 creatures vanquished.

Vanquished Creatures (others)
  148 foxfires
148 creatures vanquished.

Grand Total: 186 creatures vanquished

Notes
Turn   | Place    | Note
-------+----------+-------------------------------------------
     0 | D:1      | robertstho the Djinni Fire Elementalist began the quest for
                  | the Orb.
     0 | D:1      | Reached XP level 1. HP: 15/15 MP: 0/0
   175 | D:1      | Reached XP level 2. HP: 5/21 MP: 0/0
   811 | D:1      | Found Eplat's Book Shoppe.
  1047 | D:1      | Reached skill level 3 in Spellcasting
  1047 | D:1      | Reached XP level 3. HP: 17/26 MP: 0/0
  1047 | D:1      | Learned a level 1 spell: Pain
  2211 | D:2      | Reached skill level 1 in Fighting
  2211 | D:2      | Reached XP level 4. HP: 13/32 MP: 0/0
  2448 | D:2      | Noticed Robin
  2455 | D:2      | Mangled by a kobold

Illustrated notes

Levels and vault maps discovered:
D:1:      roderic_octagonal_star, layout_loops_cross, serial_shops,
          nicolae_square_shop, minmay_tetromino_o2
D:2:      layout_rooms, basic_altar, nrook_mini_backslash, uniq_robin

Skill      XL: |  1  2  3 |
---------------+----------+-----
Spellcasting   | 3 |  3.4
Fighting       | 1 |  1.0
Dodging        | |  2.2
Stealth        | |  1.8

Action                   |  1- 3 |  4- 6 || total
-------------------------+-------+-------++-------
Melee: Dagger            |     4 |     1 ||     5
 Cast: Foxfire           |    90 |     5 ||    95
       Pain              |     5 |       ||     5
  Use: Scroll            |       |     1 ||     1
 Stab: Sleeping          |     1 |       ||     1
Armor: Robe              |     2 |     3 ||     5
Dodge: Dodged            |    18 |     4 ||    22

Table legend: (Time is in decaauts)
 A = Elapsed time spent in this place.
 B = Non-inter-level travel time spent in this place.
 C = Inter-level travel time spent in this place.
 D = Time resting spent in this place.
 E = Time spent auto-exploring this place.
 F = Levels seen in this place.
 G = Mean time per level.
                   A        B        C        D        E       F      G
               +--------+--------+--------+--------+--------+-----+--------+
         Total |   2454 |   2450 |      4 |    478 |   1745 |   2 | 1227.0 |
       Dungeon |   2454 |   2450 |      4 |    478 |   1745 |   2 | 1227.0 |
               +--------+--------+--------+--------+--------+-----+--------+

Top non-repeatable levels by time:
     D:1: 2135 daAuts
     D:2: 318 daAuts
